 Dungeon Crawl Stone Soup version 0.20.0-14-g326068f (webtiles) character file.

3143 tilp the Magician (level 9, -1/62 HPs)
             Began as a Hill Orc Fire Elementalist on June 8, 2017.
             Was a Believer of Okawaru.
             Slain by an ogre
             ... wielding a +0 giant spiked club
              (16 damage)
             ... on level 7 of the Dungeon on June 9, 2017.
             The game lasted 00:40:33 (11580 turns).

tilp the Magician (Hill Orc Fire Elementalist)     Turns: 11580, Time: 00:40:33

Health: -1/62      AC:  5    Str: 11    XL:     9   Next: 93%
Magic:  16/20      EV: 12    Int: 18    God:    Okawaru [**....]
Gold:   521        SH:  0    Dex: 11    Spells: 13/23 levels left

rFire    . . .     SeeInvis .   E - +2 war axe (chop)
rCold    . . .     Gourm    .   (no shield)
rNeg     . . .     Faith    .   a - +0 robe
rPois    +         Spirit   .   k - +0 helmet
rElec    .         Reflect  .   (no cloak)
rCorr    .         Harm     .   M - +0 pair of gloves
MR       +....                  f - +0 pair of boots
Stlth    ++........             (no amulet)
Regen    0.2/turn               (no ring)
MPRegen  0.2/turn               T - +6 ring of slaying

@: very slightly contaminated
A: magic resistance 1, mutation resistance 1, poison resistance
a: Heroism, Renounce Religion


You were on level 7 of the Dungeon.
You worshipped Okawaru.
Okawaru was pleased with you.
You were not hungry.

You visited 2 branches of the dungeon, and saw 9 of its levels.
You also visited: Sewer and Ossuary.

You collected 619 gold pieces.
You spent 98 gold pieces at shops.

Inventory:

Hand Weapons
 g - a +0 dagger of electrocution
 v - a +2 dagger of protection
 E - a +2 war axe of chopping (weapon)
 F - a +1 flail of protection
 O - the +2 shortbow of Premature Burial {velocity, *Slow rElec Int+5}
   (You found it on level 5 of the Dungeon)

   Any arrow fired from it inflicts extra damage.
   It affects your intelligence (+5).
   It insulates you from electricity.
   It may slow you when you take damage.
 X - a +4 mace
 Y - a +3 war axe
Missiles
 p - 4 tomahawks (quivered)
 z - 3 tomahawks of returning
Armour
 a - a +0 robe (worn)
 f - a +0 pair of boots (worn)
 k - a +0 helmet (worn)
 w - a +2 shield
 M - a +0 pair of gloves (worn)
 P - a +2 ring mail of fire resistance
Jewellery
 x - an uncursed ring of stealth
 T - a +6 ring of slaying (right hand)
Wands
 d - a wand of polymorph (10/24)
 r - a wand of enslavement (14/24)
 A - a wand of lightning (3/15)
 K - a wand of iceblast (3/15)
Scrolls
 c - a scroll of blinking
 n - 3 scrolls of remove curse
 C - a scroll of silence {unknown}
 D - a scroll of acquirement {unknown}
 H - a scroll of immolation {unknown}
 L - 5 scrolls of magic mapping {unknown}
 R - 2 scrolls of enchant weapon {unknown}
 U - 3 scrolls of amnesia
 V - 2 scrolls of teleportation
Potions
 e - 6 potions of lignification
 h - 5 potions of flight
 j - 5 potions of might
 l - 7 potions of agility
 m - 2 potions of brilliance {unknown}
 o - 6 potions of heal wounds
 q - a potion of invisibility {unknown}
 t - 4 potions of mutation
 u - 7 potions of curing
 G - 3 potions of magic
 I - a potion of ambrosia {unknown}
 J - 2 potions of haste {unknown}
 Q - a potion of resistance {unknown}
 S - a potion of cancellation {unknown}
Books
 b - a book of Flames

   Spells                             Type                      Level
   a - Flame Tongue                   Conjuration/Fire             1
   b - Throw Flame                    Conjuration/Fire             2
   c - Conjure Flame                  Conjuration/Fire             3
   d - Inner Flame                    Hexes/Fire                   3
   e - Sticky Flame                   Conjuration/Fire             4
   f - Fireball                       Conjuration/Fire             5
 y - a book of Maledictions

   Spells                             Type                      Level
   a - Corona                         Hexes                        1
   b - Ensorcelled Hibernation        Hexes/Ice                    2
   c - Confuse                        Hexes                        3
   d - Tukima's Dance                 Hexes                        3
   e - Dazzling Spray                 Conjuration/Hexes            3
 N - a book of Cantrips

   Spells                             Type                      Level
   a - Confusing Touch                Hexes                        1
   b - Animate Skeleton               Necromancy                   1
   c - Summon Small Mammal            Summoning                    1
   d - Apportation                    Translocation                1
Comestibles
 i - 6 royal jellies
 s - 13 fruits
 B - 4 chunks of flesh
 Z - a meat ration


   Skills:
 - Level 3.0 Short Blades
 + Level 5.2 Axes
 - Level 1.5 Dodging
 - Level 1.5 Stealth
 * Level 7.6 Spellcasting
 * Level 6.3 Conjurations
 + Level 5.3 Fire Magic
 - Level 3.3 Invocations


You had 13 spell levels left.
You knew the following spells:

 Your Spells              Type           Power        Failure   Level  Hunger
a - Flame Tongue          Conj/Fire      ####.        1%          1    None
b - Conjure Flame         Conj/Fire      ####....     2%          3    #......
c - Sticky Flame          Conj/Fire      ####....     9%          4    ###....
d - Throw Flame           Conj/Fire      ####..       1%          2    None


Dungeon Overview and Level Annotations

Branches:
Dungeon (8/15)             Temple (1/1) D:5
   Lair: D:8-11

Altars:
Ashenzari
Fedhas
Gozag
Hepliaklqana
Kikubaaqudgha
Makhleb
Nemelex Xobeh
Okawaru
Qazlal
Ru
Sif Muna
Vehumet
Xom
Yredelemnul
The Shining One

Shops:
D:5 }*

Annotations:
D:8 Joseph; Monsterracer's ghost, novice MiAM


Innate Abilities, Weirdness & Mutations

You are resistant to hostile enchantments. (MR+)
You are somewhat resistant to further mutation.
Your system is resistant to poisons. (rPois)


Message History

You hit the ogre.
The ogre is moderately wounded.
The ogre closely misses you.
You closely miss the ogre.
The ogre is moderately wounded.
The ogre hits you with a giant spiked club!!
You slash the ogre!
The ogre is severely wounded.
The ogre hits you with a giant spiked club!!
* * * LOW HITPOINT WARNING * * *
Casting: Flame Tongue
Confirm with . or Enter, or press ? or * to list all spells.
Aiming: Sticky Flame
Press: ? - help, Shift-Dir - straight line, f - ogre
Aim: an ogre, wielding a giant spiked club (severely wounded)
You miscast Sticky Flame.
You are very lightly contaminated with residual magic.
Heat runs through your body.
The ogre hits you with a giant spiked club!
You die...

....##........# #.........# #.
....##........#####.........# ##
....########..#.............#####
....>...................%.[[.....
....########........#.###...####.
....# ####.###.#.# #...# #.
....##### #.# #...# #...# #.
....#.).# #.#########...####.
#.......# #.@OS...........##.
#.......#############.[.......##.
#.......'.............[[......##.
#.#.#...##############[.......##.
#.#.######...............)..#.##.
#.#.# #.........#....##....##.
#.#.# #.........#....##....##.
#.#.# ############.#....##....'..
#.#.###....## #.#....##....#..


You could see an ogre and an adder.

Vanquished Creatures
  A two-headed ogre (D:8)
  2 water moccasins
  An orc warrior (D:8)
  A black bear (D:7)
  2 ice beasts
  A necrophage (D:7)
  A phantom (D:5)
  2 big kobolds (Sewer)
  Blork the orc (D:5)
  2 bullfrogs
  2 scorpions (D:5)
  5 wights (D:7)
  2 crimson imps (D:8)
  A centaur zombie (Ossuary)
  2 human zombies (Ossuary)
  3 hounds
  2 jellies
  A bullfrog skeleton (D:8)
  5 orc wizards
  A gnoll shaman (D:5)
  An iguana (D:8)
  5 worker ants
  4 mummies (Ossuary)
  Robin (D:4)
  6 river rats (Sewer)
  7 gnolls
  11 adders
  4 oozes
  4 adder skeletons
  5 worms
  3 dart slugs
  A leopard gecko (D:7)
  22 orcs
  6 giant cockroaches
  17 goblins
  9 hobgoblins
  6 jackals
  3 quokkas
  6 ball pythons
  11 bats
  7 frilled lizards
  A goblin zombie (Ossuary)
  A jackal skeleton (D:5)
  A jackal zombie (D:7)
  19 kobolds
  2 kobold zombies (Ossuary)
  2 orc zombies (Ossuary)
  29 rats
232 creatures vanquished.

Notes
Turn   | Place    | Note
-------+----------+-------------------------------------------
     0 | D:1      | tilp the Hill Orc Fire Elementalist began the quest for the Orb.
     0 | D:1      | Reached XP level 1. HP: 14/14 MP: 3/3
   190 | D:1      | Reached skill level 2 in Spellcasting
   203 | D:1      | Reached XP level 2. HP: 11/20 MP: 3/5
   696 | D:1      | Reached XP level 3. HP: 26/26 MP: 2/6
   701 | D:1      | Learned a level 3 spell: Conjure Flame
  1055 | D:2      | Reached skill level 3 in Spellcasting
  1357 | D:2      | Reached XP level 4. HP: 33/33 MP: 6/8
  1366 | D:2      | Learned a level 4 spell: Sticky Flame
  2185 | D:3      | Found a glowing golden altar of the Shining One.
  2437 | D:3      | Reached XP level 5. HP: 38/38 MP: 8/10
  3048 | D:3      | Reached skill level 4 in Spellcasting
  3433 | D:4      | Noticed Robin
  3631 | D:3      | Reached XP level 6. HP: 45/45 MP: 9/12
  3679 | D:4      | Found a glowing drain.
  3708 | D:4      | Killed Robin
  3739 | D:4      | Gained mutation: You are resistant to hostile enchantments. (MR+) [potion of mutation]
  3739 | D:4      | Gained mutation: Scrolls take you a little longer to read. [potion of mutation]
  3739 | D:4      | Gained mutation: Your natural rate of healing is unusually fast. [potion of mutation]
  3740 | D:4      | Lost mutation: Scrolls take you a little longer to read. [potion of mutation]
  3740 | D:4      | Lost mutation: Your natural rate of healing is unusually fast. [potion of mutation]
  3740 | D:4      | Gained mutation: You are somewhat resistant to further mutation. [potion of mutation]
  3740 | D:4      | Gained mutation: Your system is resistant to poisons. (rPois) [potion of mutation]
  3820 | Sewer    | Entered a sewer
  4970 | Sewer    | Reached XP level 7. HP: 42/50 MP: 4/14
  4975 | Sewer    | Reached skill level 5 in Spellcasting
  5636 | D:4      | Found a shimmering altar of Xom.
  5875 | D:5      | Entered Level 5 of the Dungeon
  5875 | D:5      | Noticed Blork the orc
  5934 | D:5      | Found Comea's Serpentskin Sales.
  6102 | D:5      | Found a sand-covered staircase.
  6130 | Ossuary  | Entered an ossuary
  6367 | Ossuary  | Reached skill level 1 in Short Blades
  6908 | D:5      | Reached XP level 8. HP: 57/57 MP: 7/16
  7304 | D:5      | Reached skill level 6 in Spellcasting
  7379 | D:5      | Learned a level 2 spell: Throw Flame
  7400 | D:5      | Killed Blork the orc
  7791 | D:5      | Found Miwirph's Gadget Shoppe.
  7952 | D:5      | Bought a wand of iceblast (3/15) for 98 gold pieces
  8171 | D:5      | Got a slimy shortbow
  8200 | D:5      | Identified the +2 shortbow of Premature Burial {velocity, *Slow rElec Int+5} (You found it on level 5 of the Dungeon)
  8229 | D:5      | Found a staircase to the Ecumenical Temple.
  8241 | Temple   | Entered the Ecumenical Temple
  8481 | Temple   | Became a worshipper of Warmaster Okawaru
  9083 | D:6      | Found a sparkling altar of Nemelex Xobeh.
  9580 | D:7      | Reached skill level 1 in Invocations
  9701 | D:7      | Reached skill level 5 in Conjurations
  9701 | D:7      | Reached XP level 9. HP: 62/62 MP: 2/19
  9817 | D:7      | Reached * piety under Okawaru
  9828 | D:7      | Reached skill level 7 in Spellcasting
 10527 | D:8      | Noticed Monsterracer's ghost (novice MiAM)
 10811 | D:8      | Reached skill level 1 in Axes
 10949 | D:8      | Noticed a two-headed ogre
 10959 | D:8      | Killed a two-headed ogre
 10959 | D:8      | Reached ** piety under Okawaru
 10959 | D:8      | Reached skill level 5 in Fire Magic
 11274 | D:8      | Found a basalt altar of Yredelemnul.
 11275 | D:8      | Found a deep blue altar of Sif Muna.
 11387 | D:8      | Reached skill level 5 in Axes
 11466 | D:8      | Found a shattered altar of Ashenzari.
 11468 | D:8      | Found a radiant altar of Vehumet.
 11541 | D:8      | Noticed Joseph
 11580 | D:7      | Slain by an ogre

Skill      XL: |  1  2  3  4  5  6  7  8  9 |
---------------+----------------------------+-----
Spellcasting   | 2 3 4 5 6 7 |  7.6
Conjurations   | 2 3 4 5 6 |  6.3
Short Blades   | 1 3 |  3.0
Fire Magic     | 4 5 |  5.3
Invocations    | 2 3 |  3.3
Axes           | 5 |  5.2
Dodging        | |  1.5
Stealth        | |  1.5

Action                   |  1- 3 |  4- 6 |  7- 9 || total
-------------------------+-------+-------+-------++-------
Melee: Dagger            |    71 |   315 |   331 ||   717
       Unarmed           |     1 |       |       ||     1
       War axe           |       |       |    62 ||    62
 Cast: Flame Tongue      |    36 |    97 |   137 ||   270
       Conjure Flame     |       |     1 |    13 ||    14
       Sticky Flame      |       |       |     2 ||     2
       Throw Flame       |       |       |    25 ||    25
  Use: Scroll            |       |     5 |    10 ||    15
       Potion            |       |     3 |       ||     3
 Stab: Sleeping          |     1 |     4 |     2 ||     7
  Eat: Chunk             |     2 |     8 |     1 ||    11
       Bread ration      |       |     1 |     4 ||     5
       Meat ration       |       |       |     2 ||     2
Armor: Robe              |    11 |   114 |   125 ||   250
Dodge: Dodged            |    57 |   227 |   229 ||   513
